 Dungeon Crawl Stone Soup version 0.26-a0-8-gc4d20be10f (webtiles) character file.

Game seed: 5681938706502332558, levelgen mode: deterministic

381203 vurker the Cryomancer (level 21, -7/98 HPs)
             Began as a Felid Ice Elementalist on May 24, 2020.
             Was the Champion of Vehumet.
             Killed from afar by an acid blob (10 damage)
             ... with a splash of acid
             ... on level 5 of the Pits of Slime.
             The game lasted 04:09:19 (113346 turns).

vurker the Cryomancer (Felid Ice Elementalist)    Turns: 113346, Time: 04:09:19

Health: -7/98      AC:  1    Str:  4    XL:     21   Next: 90%
Magic:  13/47      EV: 32    Int: 23    God:    Vehumet [******]
Gold:   211        SH:  5    Dex: 20    Spells: 13/62 levels left
                                        Lives:  0   Deaths: 6

rFire    + . .     SeeInvis +   (weapon unavailable)
rCold    + . .     Gourm    .   (shield unavailable)
rNeg     . . .     Faith    .   (armour unavailable)
rPois    .         Spirit   .   (helmet unavailable)
rElec    .         Reflect  +   (cloak unavailable)
rCorr    .         Harm     .   (gloves unavailable)
MR       ++++.                  (boots unavailable)
Stlth    ++++++....             L - amulet of the Thoughtful Hells {Reflect rC+ SH+5}
HPRegen  0.26/turn              D - ring of fire
MPRegen  0.30/turn              m - ring of protection from magic

@: corroded, very slightly contaminated, studying Stealth, quick
A: very small, no armour, no weapons or thrown items, stealth, claws 1, fangs 3,
slimy green scales 1, see invisible, carnivore, speed 1, mutation resistance 1,
shaggy fur 3, slow metabolism 1, sharp paws
}: 2/15 runes: serpentine, barnacled
a: Renounce Religion


You were on level 5 of the Pits of Slime.
You worshipped Vehumet.
Vehumet was exalted by your worship.
You were not hungry.

You visited 10 branches of the dungeon, and saw 47 of its levels.
You also visited: Sewer and Bailey.

You collected 6888 gold pieces.
You spent 6677 gold pieces at shops.

Inventory:

Jewellery
 h - an uncursed ring of poison resistance
   (You bought it in a shop on level 1 of the Orcish Mines)
 m - a ring of protection from magic (right paw)
   (You found it on level 3 of the Dungeon)
 q - an uncursed ring of positive energy
   (You found it on level 5 of the Dungeon)
 x - an uncursed ring of flight
   (You took it off a spriggan on level 2 of the Depths)
 D - a ring of fire (left paw)
   (You took it off a centaur on level 10 of the Dungeon)
 I - an uncursed ring of magical power
   (You found it on level 1 of the Snake Pit)
 L - the amulet of the Thoughtful Hells (around neck) {Reflect rC+ SH+5}
   (You bought it in a shop on level 1 of the Orcish Mines)

   [amulet of reflection]

   It shields you and reflects attacks.
   It protects you from cold.
   It affects your SH (+5).
Wands
 c - a wand of disintegration (27)
   (You took it off a vampire on level 15 of the Dungeon)
 t - a wand of flame (44)
   (You found it on level 12 of the Dungeon)
 u - a wand of paralysis (8)
   (You found it on level 2 of the Snake Pit)
 v - a wand of digging (19)
   (You found it on level 9 of the Dungeon)
 w - a wand of polymorph (19)
   (You found it on level 7 of the Dungeon)
 P - a wand of enslavement (10)
   (You found it on level 2 of the Shoals)
 T - a wand of clouds (12)
   (You found it on level 3 of the Elven Halls)
Scrolls
 d - 2 scrolls of summoning
 f - 5 scrolls of teleportation
 g - 5 scrolls of immolation
 l - a scroll of fog
 o - 2 scrolls of vulnerability
 r - 8 scrolls of magic mapping
 s - 21 scrolls of identify
 A - 32 scrolls of remove curse
 B - 4 scrolls of fear
 F - 2 scrolls of silence
 Q - 2 scrolls of noise
Potions
 a - 5 potions of lignification
 i - 3 potions of ambrosia
 j - 3 potions of brilliance
 k - 12 potions of curing
 p - 7 potions of flight
 y - 7 potions of haste
 z - 3 potions of mutation
 G - 3 potions of magic
 J - 4 potions of resistance
 K - 6 potions of heal wounds
 N - 2 potions of invisibility
 O - 5 potions of cancellation
Books
 b - a manual of Stealth
   (You found it on level 2 of the Depths)
Miscellaneous
 n - 3 phantom mirrors
 E - 2 boxes of beasts
 H - a phial of floods
   (You found it on level 2 of the Orcish Mines)
 M - a tin of tremorstones (3/3)
   (You found it on level 12 of the Dungeon)
Comestibles
 e - 3 rations


   Skills:
 + Level 13.7 Fighting
 - Level 15.0 Dodging
 * Level 12.4 Stealth
 + Level 21.3 Spellcasting
 + Level 12.0 Conjurations
 * Level 16.2 Fire Magic
 + Level 21.7 Ice Magic


You had 13 spell levels left.
You knew the following spells:

 Your Spells              Type           Power        Failure   Level  Hunger
a - Ozocubu's Refrigerat  Ice            #######...   1%          6    ##.....
b - Ignition              Fire           #######...   4%          8    ######.
c - Orb of Destruction    Conj           ######....   3%          7    #####..
d - Summon Ice Beast      Ice/Summ       ######..     1%          4    None
e - Absolute Zero         Ice            #######...   7%          9    #######
o - Statue Form           Tmut/Erth      ###......    95%         6    ##.....
p - Apportation           Tloc           ###...       1%          1    None
w - Blink                 Tloc           N/A          2%          2    None
z - Freezing Cloud        Conj/Ice/Air   ######....   1%          6    ##.....

Your spell library contained the following spells:

 Spells                   Type           Power        Failure   Level  Hunger
 Fire Storm               Conj/Fire      #######...   77%         9    #######
 Lehudib's Crystal Spear  Conj/Erth      ######....   90%         8    ######.
 Freeze                   Ice            ####         0%          1    None
 Magic Dart               Conj           ####         0%          1    None
 Searing Ray              Conj           ######       0%          2    None
 Conjure Flame            Conj/Fire      #######.     0%          3    None
 Frozen Ramparts          Ice            ######       0%          3    None
 Hailstorm                Conj/Ice       #######.     0%          4    None
 Animate Skeleton         Necr           N/A          1%          1    None
 Beastly Appendage        Tmut           ###...       1%          1    None
 Corona                   Hex            ###....      1%          1    None
 Summon Butterflies       Summ           ###.....     1%          1    None
 Summon Small Mammal      Summ           ###.         1%          1    None
 Ensorcelled Hibernation  Hex/Ice        ######       1%          2    None
 Dazzling Flash           Conj/Hex       ######       1%          3    None
 Inner Flame              Hex/Fire       #######.     1%          3    None
 Mephitic Cloud           Conj/Pois/Air  #####...     1%          3    None
 Ozocubu's Armour         Chrm/Ice       ######..     1%          3    None
 Static Discharge         Conj/Air       ######..     1%          3    None
 Stone Arrow              Conj/Erth      ######       1%          3    None
 Fulminant Prism          Conj/Hex       ######....   1%          4    None
 Ice Form                 Ice/Tmut       ######..     1%          4    None
 Iskenderun's Mystic Bla  Conj/Tloc      ######..     1%          4    None
 Sticky Flame             Conj/Fire      #######.     1%          4    None
 Bolt of Magma            Conj/Fire/Erth #######...   1%          5    None
 Iskenderun's Battlesphe  Conj/Chrm      ######..     1%          5    None
 Lightning Bolt           Conj/Air       ######....   1%          5    None
 Call Imp                 Summ           ###.....     2%          2    None
 Corpse Rot               Necr/Air       N/A          2%          2    None
 Passwall                 Tmut/Erth      ###.....     2%          2    None
 Poisonous Vapours        Pois/Air       ###...       2%          2    None
 Slow                     Hex            ###.....     2%          2    None
 Sticks to Snakes         Tmut           ###.....     2%          2    None
 Swiftness                Chrm/Air       ###.....     2%          2    None
 Call Canine Familiar     Summ           ###.....     5%          3    None
 Confusing Touch          Hex            ###.....     5%          3    None
 Recall                   Summ/Tloc      N/A          5%          3    None
 Spider Form              Tmut/Pois      ###.......   5%          3    None
 Summon Guardian Golem    Hex/Summ       ###.....     5%          3    None
 Tukima's Dance           Hex            ###.....     5%          3    None
 Iron Shot                Conj/Erth      ######....   6%          6    ##.....
 Lee's Rapid Deconstruct  Erth           ###.......   13%         5    None
 Yara's Violent Unravell  Hex/Tmut       ###.......   13%         5    None
 Cause Fear               Hex            ###.......   17%         4    None
 Leda's Liquefaction      Hex/Erth       ###.......   17%         4    None
 Passage of Golubria      Tloc           N/A          17%         4    None
 Summon Lightning Spire   Summ/Air       ###.....     17%         4    None
 Spellforged Servitor     Conj/Summ      ######....   30%         7    #####..
 Aura of Abjuration       Summ           ###.......   43%         5    None
 Blade Hands              Tmut           ###.......   43%         5    None
 Summon Demon             Summ           ###.......   43%         5    None
 Summon Forest            Summ/Tloc      ###.......   43%         5    None
 Summon Mana Viper        Hex/Summ       ###.....     43%         5    None
 Ring of Flames           Chrm/Fire      #######...   47%         7    #####..
 Darkness                 Hex            ###.......   95%         6    ##.....
 Eringya's Noxious Bog    Tmut/Pois      ###.......   95%         6    ##.....
 Hydra Form               Tmut           ###.......   95%         6    ##.....
 Invisibility             Hex            ###.....     95%         6    ##.....
 Shadow Creatures         Summ           N/A          95%         6    ##.....
 Summon Hydra             Summ           ###.......   100%        7    #####..
 Dragon's Call            Summ           ###.......   100%        9    #######
 Shatter                  Erth           ###.......   100%        9    #######
 Tornado                  Air            ###.......   100%        9    #######
 Portal Projectile        Hex/Tloc       Unusable     N/A         3    N/A
 Spectral Weapon          Hex/Chrm       Unusable     N/A         3    N/A

Dungeon Overview and Level Annotations

Branches:
Dungeon (15/15)            Temple (1/1) D:4            Lair (6/6) D:8
 Shoals (4/4) Lair:3        Snake (4/4) Lair:3        Slime (5/5) Lair:6
    Orc (2/2) D:9             Elf (3/3) Orc:2        Vaults (4/5) D:13
  Crypt (0/3) Vaults:2     Depths (3/5) D:15          Sewer (visited)
 Bailey (visited)

Altars:
Dithmenos
Elyvilon
Fedhas
Gozag
Makhleb
Nemelex Xobeh
Qazlal
Ru
Sif Muna
Trog
Uskayaw
Vehumet
Wu Jian
Xom
Yredelemnul
Zin
The Shining One
Jiyva

Shops:
D:5 %:?!}   D:6 [   D:7 }   Orc:1 (?[=   Orc:2 (*!   Elf:1 :*[   Elf:3 !!???
Snake:4 }   Vaults:3 }   Depths:2 *

Portals:
Hell: Depths:1 Depths:2
Pandemonium: Depths:3
Ziggurat: Depths:2
Trove: Depths:3 (show slimy rune of Zot)

Annotations:
D:13 exclusion: 2 doors
Lair:4 exclusions: electric eel and 3 more exclusions
Snake:3 Vashnia
Slime:5 Royal Jelly
Elf:2 3 runed translucent doors, 4 exclusions
Vaults:1 Nikola
Vaults:2 Margery
Vaults:3 3 runed translucent doors


Innate Abilities, Weirdness & Mutations

You cannot wear armour.
You are incapable of wielding weapons or throwing items.
Your paws allow you to move quietly. (Stealth)
You have sharp claws.
You have razor-sharp teeth.
You have supernaturally acute eyesight. (SInv)
You are carnivorous and can eat meat at any time.
You cover ground quickly.
Your thick and shaggy fur keeps you warm. (AC +3, rC+)
You have a slow metabolism.
Your sharp claws are effective at attacking unaware monsters.
You are partially covered in slimy green scales. (AC +2)
You are somewhat resistant to further mutation.


Message History

The fireball engulfs the slime creature!!!
The fireball engulfs the slime creature!!
An acid blob comes into view.
A slime creature comes into view.
You feel a surge of power!
The air bursts into flame!
The fireball engulfs the slime creature!!
The fireball engulfs the acid blob!!
The acid blob quivers.
The fireball engulfs the slime creature!
The fireball engulfs the slime creature!!
You kill the slime creature!
Vehumet accepts your kill.
The fireball engulfs the acid blob!!
The fireball engulfs the slime creature!!
The acid blob spits acid at you. The splash of acid misses you.
You feel a surge of power!
The air bursts into flame!
The fireball engulfs the slime creature!!
You kill the slime creature!
Vehumet accepts your kill.
The fireball engulfs the acid blob!!
The fireball engulfs the slime creature!
You kill the slime creature!
Vehumet accepts your kill.
You feel your power returning.
An acid blob comes into view.
The acid blob spits acid at you. The splash of acid hits you!
* * * LOW HITPOINT WARNING * * *
You are splashed with acid!
* * * LOW HITPOINT WARNING * * *
The acid blob spits acid at you. The splash of acid hits you.
* * * LOW HITPOINT WARNING * * *
The acid corrodes you!
You are splashed with acid!
* * * LOW HITPOINT WARNING * * *
You feel much better.
An acid blob comes into view.
A slime creature comes into view.
The acid blob spits acid at you. The splash of acid hits you!
* * * LOW HITPOINT WARNING * * *
You are splashed with acid!
* * * LOW HITPOINT WARNING * * *
The acid blob spits acid at you. The splash of acid misses you.
The Royal Jelly comes into view.
As you read the scroll of fog, it crumbles to dust.
The scroll dissolves into smoke.
The acid blob spits acid at you. The splash of acid hits you!
You die...

#.#... #......
###.......
##.........
#..........
#..§§§.....
#§§§§......
#.§@§......
#....§§§......
.....§.§.......
............JJ.
...............
...............
..........J..JJ
..............#


You could see the Royal Jelly, 3 acid blobs and a slime creature (wandering).

Vanquished Creatures
  2 caustic shrikes (Depths:2)
  6 liches
  Rupert (D:12)
  A quicksilver dragon (shapeshifter) (Vaults:1)
  Jorgrun (Elf:2)
  A deep elf blademaster (Elf:3)
  4 sphinxes
  Frances (D:12)
  8 acid blobs
  A storm dragon (shapeshifter) (Depths:1)
  2 storm dragons (Depths:2)
  Kirke (D:13)
  5 tengu reavers
  3 frost giants (Depths:2)
  5 azure jellies
  12 nagarajas
  An iron dragon (Depths:2)
  9 fire giants
  Aizul (Elf:2)
  7 deep elf sorcerers
  4 orc warlords
  19 vault wardens
  4 deep elf elementalists
  Louise (Elf:2)
  13 ironheart preservers
  A spriggan defender (Depths:3)
  A war gargoyle (Vaults:1)
  9 very ugly things
  22 stone giants
  3 vampire knights
  6 deep elf demonologists (Elf:3)
  7 deep elf annihilators
  3 spark wasps (Depths:2)
  6 ettins
  4 merfolk javelineers
  5 deep elf high priests (Elf:3)
  17 yaktaur captains
  7 merfolk impalers
  A jiangshi (Depths:3)
  6 fire dragons
  12 great orbs of eyes
  7 deep elf death magi
  A great orb of eyes (shapeshifter) (Depths:3)
  3 hydras
  Fannar (D:12)
  A hell beast (Depths:1)
  A peacekeeper (Vaults:4)
  5 ice dragons
  13 naga warriors
  Harold (D:9)
  12 vault guards
  4 rakshasas
  A catoblepas (D:14)
  3 spriggan air magi
  25 anacondas
  3 death knights
  2 merfolk avatars
  12 centaur warriors
  13 ogre magi
  8 merfolk aquamancers
  8 dancing weapons
  A queen ant (shapeshifter) (Vaults:4)
  4 tengu warriors
  An alligator snapping turtle (Shoals:4)
  38 two-headed ogres
  3 satyrs (Shoals:2)
  10 death yaks
  6 deep troll shamans
  3 vampire magi
  4 shock serpents
  13 naga sharpshooters
  4 deep troll earth magi
  4 spriggan berserkers
  13 deep elf knights
  3 iron trolls
  11 skeletal warriors
  6 spriggans
  4 hell knights
  A fire crab (shapeshifter) (Vaults:1)
  4 salamander mystics
  2 shadow wraiths
  27 deep trolls
  3 unseen horrors
  8 flayed ghosts
  19 deep elf archers
  5 wizards
  12 sea snakes
  18 ironbrand convokers
  A swamp dragon (shapeshifter) (Elf:1)
  6 naga ritualists
  2 glowing orange brains (Depths:2)
  9 orc knights
  A phantasmal warrior (Vaults:2)
  7 necromancers
  57 deep elf magi
  25 harpies
  3 orc sorcerers
  A tengu skeleton (Vaults:3)
  9 mana vipers
  6 wolf spiders
  A sphinx skeleton (Vaults:3)
  A fire giant zombie (Depths:2)
  16 cyclopes
  14 manticores
  44 ugly things
  16 fauns
  4 shining eyes
  9 salamanders
  A moth of wrath (shapeshifter) (Vaults:1)
  36 black mambas
  12 guardian serpents
  11 elephants
  2 black mambas (shapeshifter)
  10 merfolk sirens
  20 naga magi
  20 vault sentinels
  Maurice (D:8)
  Psyche (D:12)
  An eye of devastation (Slime:5)
  A molten gargoyle (Lair:6)
  3 water nymphs
  A rime drake (shapeshifter) (Vaults:4)
  12 spiny frogs
  3 rime drakes
  2 centaur skeletons
  A gargoyle (D:10)
  2 yaktaur zombies
  59 yaktaurs
  3 komodo dragons
  12 freezing wraiths
  A red devil (Depths:1)
  9 trolls
  34 merfolk
  3 wind drakes
  A queen bee (D:10)
  4 tengu conjurers
  3 saltlings (Vaults:4)
  11 hornets
  A wind drake (shapeshifter) (Vaults:1)
  3 dream sheep (Lair:6)
  A nameless horror (D:6)
  7 blink frogs
  A fire giant simulacrum (Depths:1)
  89 slime creatures
  11 snapping turtles
  12 hippogriffs
  A spriggan zombie (Depths:2)
  An ettin zombie (Vaults:2)
  An air elemental (Elf:1)
  A frost giant simulacrum (Depths:2)
  A redback (shapeshifter) (Depths:2)
  A flying skull (Vaults:2)
  A shadow (D:14)
  2 vampires
  25 water elementals
  2 fire elementals (Elf:3)
  34 yaks
  Eustachio (D:6)
  2 wyverns
  A wraith (Vaults:4)
  A basilisk (shapeshifter) (Vaults:4)
  5 steam dragons
  3 hogs (D:13)
  2 basilisks
  Grum (D:11)
  5 wargs
  A hungry ghost (D:8)
  10 vampire mosquitoes
  A swamp worm (shapeshifter) (Vaults:2)
  38 nagas
  4 acid dragons
  4 hell hounds (Lair:6)
  A soldier ant (shapeshifter) (Vaults:3)
  4 floating eyes
  8 porcupines
  Purgy (Sewer)
  14 water moccasins
  37 orc warriors
  A black bear (shapeshifter) (Depths:2)
  A hornet zombie (D:13)
  2 necrophages
  2 black bears
  2 ice beasts
  3 phantoms
  38 ogres
  3 sky beasts
  An ettin simulacrum (Vaults:2)
  3 eyes of draining
  14 boggarts
  2 elf zombies
  16 centaurs
  13 wolves
  6 crocodiles
  A big kobold (D:11)
  A human zombie (Vaults:2)
  19 bullfrogs
  8 gnoll sergeants (Bailey)
  2 elf simulacra
  2 earth elementals
  A glowing shapeshifter simulacrum (Vaults:2)
  5 scorpions
  9 killer bees (D:10)
  A wight (D:14)
  An electric eel (Snake:3)
  3 howler monkeys
  5 lava snakes (Lair:6)
  3 crimson imps
  2 human simulacra
  A quasit (D:8)
  7 hounds
  A bullfrog skeleton (D:8)
  7 gnoll shamans
  5 jellies
  A bullfrog zombie (D:12)
  15 orc priests
  3 iguanas
  22 orc wizards
  10 worker ants
  A hound skeleton (D:8)
  17 gnolls
  8 adders
  A howler monkey skeleton (D:4)
  7 shadow imps
  A white imp (Vaults:1)
  An ooze (D:1)
  An adder zombie (D:5)
  3 worms
  3 dart slugs
  9 leopard geckos
  92 orcs
  2 ball pythons
  7 giant cockroaches
  8 goblins
  6 hobgoblins
  8 jackals
  A jackal (shapeshifter) (Depths:2)
  14 kobolds
  2 quokkas
  5 bats
  3 frilled lizards
  6 rats
  2 blocks of ice (Depths:2)
  A butterfly (Lair:3)
  3 fungi
  117 plants
1996 creatures vanquished.

Vanquished Creatures (collateral kills)
  An ogre mage (Orc:2)
  2 hydras
  Erica (Orc:1)
  2 death yaks (Lair:5)
  10 two-headed ogres
  A shock serpent (Lair:3)
  A fire crab (Lair:6)
  A cyclops (Orc:2)
  An orc sorcerer (Orc:2)
  2 elephants
  A naga mage (Snake:1)
  2 molten gargoyles (Lair:6)
  2 spiny frogs
  3 rime drakes
  A komodo dragon (Lair:6)
  2 trolls (Orc:1)
  4 dream sheep (Lair:6)
  A shadow (D:13)
  A wyvern (Lair:6)
  2 yaks (Lair:5)
  A vampire mosquito (D:12)
  5 basilisks (Lair:6)
  A hungry ghost (D:10)
  3 nagas
  2 water moccasins
  An ice beast (D:7)
  9 orc warriors
  2 phantoms
  An eye of draining (D:11)
  16 ogres
  A centaur (D:10)
  2 bullfrogs
  A water moccasin zombie (D:9)
  2 killer bees (D:10)
  2 nameless horrors
  A howler monkey (D:11)
  An electric eel (Lair:3)
  2 crimson imps
  6 orc priests
  A bullfrog skeleton (D:5)
  A centaur skeleton (D:5)
  6 centaur zombies
  3 orc wizards (Orc:1)
  2 hound skeletons
  A gnoll (Bailey)
  6 orcs
120 creatures vanquished.

Vanquished Creatures (others)
  3 humans (D:13)
  53 blocks of ice
  8 fungi
  40 plants
  19 tentacles
123 creatures vanquished.

Grand Total: 2239 creatures vanquished

Notes
Turn   | Place    | Note
-------+----------+-------------------------------------------
     0 | D:1      | vurker the Felid Ice Elementalist began the quest for the
                  | Orb.
     0 | D:1      | Reached XP level 1. HP: 7/7 MP: 4/4
   238 | D:1      | Reached XP level 2. HP: 12/12 MP: 4/6
   661 | D:1      | Reached skill level 1 in Fighting
   661 | D:1      | Reached XP level 3. HP: 13/15 MP: 5/7
   805 | D:1      | Learned a level 3 spell: Frozen Ramparts
  1537 | D:2      | Reached XP level 4. HP: 19/19 MP: 4/9
  2183 | D:3      | Reached XP level 5. HP: 22/22 MP: 6/11
  2824 | D:4      | Noticed an ogre
  2841 | D:4      | Killed an ogre
  2841 | D:4      | Reached skill level 5 in Ice Magic
  2853 | D:4      | Found a glowing drain.
  2950 | Sewer    | Entered a sewer
  3029 | Sewer    | Noticed Purgy
  3043 | Sewer    | Killed Purgy
  3043 | Sewer    | Gained mutation: You are covered in thick fur. (AC +2)
                  | [Felid growth]
  3043 | Sewer    | Reached XP level 6. HP: 22/27 MP: 5/12
  3211 | D:4      | Found a staircase to the Ecumenical Temple.
  3218 | Temple   | Entered the Ecumenical Temple
  3289 | Temple   | Became a worshipper of Vehumet
  3338 | D:4      | Learned a level 4 spell: Hailstorm
  3343 | D:4      | Learned a level 4 spell: Summon Ice Beast
  3998 | D:4      | Reached XP level 7. HP: 31/31 MP: 8/14
  4145 | D:5      | Entered Level 5 of the Dungeon
  4421 | D:5      | Found a sacrificial altar of Ru.
  4423 | D:5      | Found Qege's Magic Scroll Boutique.
  4472 | D:5      | Bought a scroll of blinking for 112 gold pieces
  4472 | D:5      | Bought a scroll of fog for 30 gold pieces
  4472 | D:5      | Bought a scroll of vulnerability for 112 gold pieces
  4490 | D:5      | Found Lahoh Virr's Gadget Shoppe.
  4545 | D:5      | Found Picuwushroi's Distillery.
  5516 | D:5      | Found Qovech's Food Shop.
  5520 | D:5      | Found Faroto's Book Shoppe.
  5821 | D:6      | Noticed Eustachio
  5912 | D:6      | Killed Eustachio
  5912 | D:6      | Reached skill level 5 in Spellcasting
  5912 | D:6      | Reached XP level 8. HP: 36/36 MP: 9/16
  6137 | D:6      | Found Hioniril's Armour Boutique.
  6525 | D:6      | Found a white marble altar of Elyvilon.
  6527 | D:6      | Found a sparkling altar of Nemelex Xobeh.
  6527 | D:6      | Found an ornate altar of the Wu Jian Council.
  6618 | D:6      | Found a burning altar of Makhleb.
  7344 | D:7      | Noticed a nameless horror
  7510 | D:6      | Killed a nameless horror
  7663 | D:7      | Reached skill level 5 in Fighting
  7835 | D:7      | Reached * piety under Vehumet
  7835 | D:7      | Offered knowledge of Magic Dart by Vehumet.
  8020 | D:7      | Reached XP level 9. HP: 38/40 MP: 16/19
  8204 | D:7      | Found Yhaph's Gadget Emporium.
  8398 | D:7      | Found a blossoming altar of Fedhas.
  8401 | D:7      | Found a stormy altar of Qazlal.
  9591 | D:8      | Noticed Maurice
  9630 | D:8      | Killed from afar by a steam dragon
  9631 | D:8      | Reached XP level 8. HP: -8/38 MP: 10/19
 10130 | D:8      | Killed Maurice
 10782 | D:8      | Reached XP level 9. HP: 17/41 MP: 8/21
 10786 | D:8      | Noticed a two-headed ogre
 10800 | D:8      | Killed a two-headed ogre
 10968 | D:8      | Noticed a death yak
 10968 | D:8      | Noticed a death yak
 10968 | D:8      | Noticed a death yak
 10970 | D:8      | Noticed a death yak
 10970 | D:8      | Noticed a death yak
 11020 | D:8      | Noticed a death yak
 11022 | D:8      | Killed a death yak
 11042 | D:8      | Killed a death yak
 11042 | D:8      | Reached skill level 10 in Ice Magic
 11042 | D:8      | Reached XP level 10. HP: 47/47 MP: 10/23
 11090 | D:8      | Killed a death yak
 11232 | D:8      | Killed a death yak
 11232 | D:8      | Reached ** piety under Vehumet
 11311 | D:8      | Killed a death yak
 11311 | D:8      | Offered knowledge of Foxfire by Vehumet.
 11481 | D:8      | Killed a death yak
 11632 | D:8      | Found a staircase to the Lair.
 12720 | D:9      | You fall into a shaft and drop 2 floors!
 12747 | D:11     | Reached skill level 10 in Spellcasting
 12781 | D:11     | Reached XP level 11. HP: 51/51 MP: 17/26
 13066 | D:11     | Noticed a two-headed ogre
 13080 | D:11     | Killed a two-headed ogre
 13435 | D:11     | Offered knowledge of Mephitic Cloud by Vehumet.
 13575 | D:11     | Noticed Grum
 13645 | D:11     | Killed Grum
 13645 | D:11     | Reached *** piety under Vehumet
 13943 | D:11     | Found an opulent altar of Gozag.
 14055 | D:10     | Entered Level 10 of the Dungeon
 14056 | D:10     | Noticed a two-headed ogre
 14405 | D:10     | Killed a two-headed ogre
 14618 | D:9      | Noticed Harold
 14630 | D:9      | Killed Harold
 15039 | D:9      | Found a staircase to the Orcish Mines.
 15478 | D:10     | Offered knowledge of Airstrike by Vehumet.
 15505 | D:10     | Learned a level 4 spell: Airstrike
 16360 | D:10     | Reached **** piety under Vehumet
 16900 | Lair:1   | Entered Level 1 of the Lair of Beasts
 16946 | Lair:1   | Offered knowledge of Olgreb's Toxic Radiance by Vehumet.
 16946 | Lair:1   | Gained mutation: Your thick and shaggy fur keeps you warm.
                  | (AC +3, rC+) [Felid growth]
 16946 | Lair:1   | Reached XP level 12. HP: 57/57 MP: 21/28
 16952 | Lair:1   | Learned a level 4 spell: Olgreb's Toxic Radiance
 18595 | Lair:2   | Reached skill level 5 in Stealth
 19058 | Lair:2   | Identified the Reference Book on Assistive Ignition
 19073 | Lair:2   | Reached skill level 5 in Dodging
 19678 | Lair:2   | Learned a level 4 spell: Sticky Flame
 19830 | Lair:3   | Found a staircase to the Shoals.
 20316 | Lair:3   | Found a staircase to the Snake Pit.
 20386 | Lair:3   | Noticed a six-headed hydra
 20390 | Lair:3   | Reached skill level 1 in Fire Magic
 20397 | Lair:3   | Killed a six-headed hydra
 20997 | Lair:3   | Noticed a seven-headed hydra
 21008 | Lair:3   | Killed a seven-headed hydra
 21651 | Lair:4   | Reached XP level 13. HP: 34/61 MP: 15/30
 21842 | Lair:4   | Reached skill level 10 in Fighting
 23691 | Lair:5   | Reached skill level 1 in Conjurations
 24861 | Lair:6   | Entered Level 6 of the Lair of Beasts
 24998 | Lair:5   | Reached ***** piety under Vehumet
 25124 | Lair:6   | Offered knowledge of Iskenderun's Battlesphere by Vehumet.
 25636 | Lair:6   | Found a viscous altar of Jiyva.
 25636 | Lair:6   | Found a staircase to the Slime Pits.
 26955 | Lair:6   | Reached skill level 5 in Fire Magic
 28333 | Lair:6   | Noticed a fire dragon
 28348 | Lair:6   | Found a large runed translucent door.
 28351 | Lair:6   | Found a large runed translucent door.
 28377 | Lair:6   | Killed a fire dragon
 28878 | Orc:1    | Entered Level 1 of the Orcish Mines
 28942 | Orc:1    | Found Ugef's Antique Armour Emporium.
 28947 | Orc:1    | Found Daic's Jewellery Emporium.
 29194 | Orc:1    | Noticed Erica
 29206 | Orc:1    | Killed Erica
 29206 | Orc:1    | Reached XP level 14. HP: 66/66 MP: 21/32
 29219 | Orc:1    | Noticed an orc warlord
 29272 | Orc:1    | Killed an orc warlord
 29719 | Orc:1    | Found Pudiappo's Weapon Shop.
 29732 | Orc:1    | Reached skill level 5 in Conjurations
 29849 | Orc:1    | Found Siushem's Magic Scroll Shoppe.
 29871 | Orc:1    | Bought a scroll of identify for 30 gold pieces
 29871 | Orc:1    | Bought a scroll of identify for 30 gold pieces
 29871 | Orc:1    | Bought a scroll of identify for 30 gold pieces
 29872 | Orc:1    | Identified a scroll of acquirement
 29964 | Orc:2    | Entered Level 2 of the Orcish Mines
 30748 | Orc:2    | Found Eleafah's Antique Weapon Shoppe.
 30748 | Orc:2    | Found Hanioshru's Distillery.
 30748 | Orc:2    | Found Toerops's Food Shop.
 30748 | Orc:2    | Found Coallah's Assorted Antiques.
 30864 | Orc:2    | Identified the ring of Lunoaros {Fire rPois Str-4 Dex+2
                  | Slay+3}
 31154 | Orc:2    | Offered knowledge of Freezing Cloud by Vehumet.
 31918 | Orc:1    | Learned a level 6 spell: Freezing Cloud
 32476 | Orc:2    | Identified the +0 ring mail "Ukhia" {Int+10 Dex+3 Stlth+}
 32923 | Orc:2    | Noticed an orc warlord
 33265 | Orc:2    | Killed an orc warlord
 33333 | Orc:2    | Noticed an orc warlord
 33359 | Orc:2    | Killed an orc warlord
 33609 | Orc:2    | Found a staircase to the Elven Halls.
 33671 | Orc:2    | Noticed an orc warlord
 34124 | Orc:2    | Found Eleafah's Antique Weapon Shoppe.
 34124 | Orc:2    | Found Hanioshru's Distillery.
 34124 | Orc:2    | Found Toerops's Food Shop.
 34124 | Orc:2    | Found Coallah's Assorted Antiques.
 34312 | Orc:2    | Killed an orc warlord
 34548 | Orc:2    | Found a staircase to the Elven Halls.
 34826 | Orc:2    | Found Eleafah's Antique Weapon Shoppe.
 34826 | Orc:2    | Found Hanioshru's Distillery.
 34826 | Orc:2    | Found Toerops's Food Shop.
 34826 | Orc:2    | Found Coallah's Assorted Antiques.
 35061 | Orc:2    | Found a staircase to the Elven Halls.
 35433 | Orc:1    | Bought an uncursed ring of poison resistance for 240 gold
                  | pieces
 35520 | D:5      | Bought a manual of Ice Magic for 1104 gold pieces
 35680 | Snake:1  | Entered Level 1 of the Snake Pit
 35689 | Lair:3   | Killed from afar by a shock serpent
 35690 | Lair:3   | Reached XP level 13. HP: -2/61 MP: 14/31
 36621 | Snake:1  | Reached XP level 14. HP: 66/66 MP: 19/33
 36748 | Snake:1  | Offered knowledge of Ozocubu's Refrigeration by Vehumet.
 36754 | Snake:1  | Shot with a bolt by a naga sharpshooter
 36755 | Snake:1  | Reached XP level 13. HP: -3/61 MP: 12/32
 36762 | Snake:1  | Learned a level 6 spell: Ozocubu's Refrigeration
 38089 | Snake:2  | HP: 1/61 [naga sharpshooter/arrow (9)]
 39631 | Snake:2  | Noticed a nagaraja
 39635 | Snake:2  | Killed a nagaraja
 40585 | Snake:3  | Reached XP level 14. HP: 66/66 MP: 28/33
 40693 | Snake:3  | Found a glowing golden altar of the Shining One.
 41955 | Snake:3  | Learned a level 1 spell: Apportation
 42678 | Snake:3  | Reached ****** piety under Vehumet
 42678 | Snake:3  | Offered knowledge of Orb of Destruction by Vehumet.
 42703 | Snake:3  | Learned a level 7 spell: Orb of Destruction
 43037 | Snake:3  | Reached skill level 10 in Dodging
 43159 | Snake:3  | Noticed Vashnia
 44590 | Snake:3  | Found a glowing golden altar of the Shining One.
 44842 | Snake:3  | HP: 1/66 [Vashnia/arrow (32)]
 45193 | Snake:4  | Entered Level 4 of the Snake Pit
 46003 | Snake:4  | Found Tomedgh's Gadget Emporium.
 46324 | Snake:4  | Reached XP level 15. HP: 70/70 MP: 16/34
 46401 | Snake:4  | Reached skill level 15 in Spellcasting
 46555 | Snake:4  | Noticed a nagaraja
 46559 | Snake:4  | Killed a nagaraja
 46972 | Snake:4  | Noticed a nagaraja
 46975 | Snake:4  | Killed a nagaraja
 46981 | Snake:4  | Reached skill level 10 in Fire Magic
 47080 | Snake:4  | Noticed a nagaraja
 47088 | Snake:4  | Killed a nagaraja
 47455 | Snake:4  | Noticed a nagaraja
 47876 | Snake:4  | Reached skill level 15 in Ice Magic
 48176 | Snake:4  | Noticed a nagaraja
 48181 | Snake:4  | Killed a nagaraja
 48181 | Snake:4  | Reached skill level 10 in Conjurations
 48608 | Snake:4  | Noticed a nagaraja
 48611 | Snake:4  | Killed a nagaraja
 48888 | Snake:4  | Noticed a nagaraja
 48901 | Snake:4  | Killed a nagaraja
 49405 | Snake:4  | Offered knowledge of Lee's Rapid Deconstruction by Vehumet.
 49559 | Snake:4  | Noticed a nagaraja
 49567 | Snake:4  | Killed a nagaraja
 49951 | Snake:4  | Killed a nagaraja
 50078 | Snake:4  | Noticed a nagaraja
 50081 | Snake:4  | Killed a nagaraja
 50160 | Snake:4  | Reached XP level 16. HP: 75/75 MP: 18/36
 50633 | Snake:4  | Got a serpentine rune of Zot
 51386 | Orc:1    | Bought the amulet of the Thoughtful Hells {Reflect rC+
                  | SH+5} for 528 gold pieces
 51480 | D:12     | Noticed Psyche
 51483 | D:12     | Killed Psyche
 51912 | D:12     | Noticed Fannar
 52106 | D:12     | Noticed Frances
 52113 | D:12     | Killed Frances
 52117 | D:12     | Noticed Rupert
 52123 | D:12     | Paralysed by Rupert for 3 turns
 52567 | D:12     | Killed Rupert
 54505 | D:13     | Offered knowledge of Starburst by Vehumet.
 54505 | D:13     | Noticed Kirke
 54509 | D:13     | Killed Kirke
 54861 | D:13     | Found a gate to the Vaults.
 55046 | D:13     | Found a shimmering blue altar of Sif Muna.
 55678 | D:14     | Found a flagged portal.
 55686 | Bailey   | Entered a bailey
 56644 | D:5      | Bought a book of the Tempests for 700 gold pieces
 56654 | D:5      | Learned a level 8 spell: Ignition
 57525 | D:14     | Offered knowledge of Chain Lightning by Vehumet.
 59627 | D:15     | Entered Level 15 of the Dungeon
 60176 | D:15     | Found a staircase to the Depths.
 61222 | D:15     | Identified the +2 robe of Fedhas's Respect {rCorr}
 63736 | Shoals:1 | Entered Level 1 of the Shoals
 63744 | Shoals:1 | Reached XP level 17. HP: 79/79 MP: 11/38
 64313 | Shoals:1 | Offered knowledge of Lehudib's Crystal Spear by Vehumet.
 64313 | Shoals:1 | Offered knowledge of Fire Storm by Vehumet.
 64313 | Shoals:1 | Offered knowledge of Absolute Zero by Vehumet.
 66963 | Shoals:2 | Noticed a kraken
 69116 | Shoals:3 | Learned a level 2 spell: Blink
 69332 | Shoals:4 | Entered Level 4 of the Shoals
 70558 | Shoals:4 | Noticed a kraken
 71330 | Shoals:4 | Hit by a javelin thrown by a merfolk javelineer
 71331 | Shoals:4 | Reached XP level 16. HP: -5/76 MP: 14/38
 71334 | Shoals:4 | Reached XP level 17. HP: 42/79 MP: 39/39
 71833 | Shoals:4 | Got a barnacled rune of Zot
 72597 | Elf:1    | Entered Level 1 of the Elven Halls
 72687 | Orc:2    | Slain by a +4 vampiric scimitar
 72688 | Orc:2    | Reached XP level 16. HP: -1/76 MP: 13/38
 73222 | Elf:1    | Found Gidiox's General Store.
 73256 | Elf:1    | Found Gioh's Armour Boutique.
 73256 | Elf:1    | Found Tonnau Gata's Book Shop.
 73305 | Elf:1    | Found Duuw's Food Boutique.
 73964 | Elf:1    | Identified the Grimoire of Calling
 73976 | Elf:1    | Found Jesarch's Weapon Shop.
 75160 | Elf:2    | Noticed Louise
 75171 | Elf:2    | Killed Louise
 75860 | Elf:2    | Noticed Jorgrun
 75860 | Elf:2    | Noticed Aizul
 75863 | Elf:2    | Killed Jorgrun
 75867 | Elf:2    | Killed Aizul
 76574 | Elf:2    | Found a huge runed translucent gate.
 76574 | Elf:2    | Found a huge runed translucent gate.
 76575 | Elf:2    | Found a huge runed translucent gate.
 76618 | Elf:3    | Entered Level 3 of the Elven Halls
 76618 | Elf:3    | Found Bogou's Magic Scroll Emporium.
 76618 | Elf:3    | Found Juuhe's Magic Scroll Shoppe.
 76625 | Elf:3    | Bought a scroll of teleportation for 45 gold pieces
 76625 | Elf:3    | Bought a scroll of summoning for 142 gold pieces
 76625 | Elf:3    | Bought a scroll of fog for 30 gold pieces
 76625 | Elf:3    | Bought a scroll of blinking for 112 gold pieces
 76630 | Elf:3    | Bought a scroll of teleportation for 48 gold pieces
 76711 | Elf:3    | Found Mirob's Magic Scroll Shop.
 76714 | Elf:3    | Bought a scroll of blinking for 90 gold pieces
 76728 | Elf:3    | Found Plog's Distillery.
 76735 | Elf:3    | Bought a potion of magic for 104 gold pieces
 76735 | Elf:3    | Bought a potion of heal wounds for 65 gold pieces
 76906 | Elf:3    | Found Pogru's Distillery.
 77004 | Elf:3    | Reached XP level 17. HP: 79/79 MP: 30/39
 79014 | Elf:3    | Noticed a deep elf blademaster
 79018 | Elf:3    | Killed a deep elf blademaster
 79102 | Elf:3    | Identified the +5 flail "Caoc" {drain, Int+2 SInv}
 79111 | Elf:3    | Identified the +6 mace of Aqoywni {flame, Dex+2}
 79661 | Elf:3    | Noticed a Tzitzimitl
 80483 | Elf:3    | Found Pogru's Distillery.
 80512 | Elf:3    | Found Juuhe's Magic Scroll Shoppe.
 80514 | Elf:3    | Found Bogou's Magic Scroll Emporium.
 80885 | Elf:3    | Found Plog's Distillery.
 80906 | Elf:3    | Found Mirob's Magic Scroll Shop.
 81482 | Elf:3    | Identified the ring "Qevyenn" {*Slow rElec rPois Dex+10
                  | Stlth-}
 82030 | Elf:3    | Bought a scroll of acquirement for 624 gold pieces
 82068 | Elf:3    | Bought 2 potions of heal wounds for 180 gold pieces
 82068 | Elf:3    | Bought a potion of cancellation for 144 gold pieces
 82068 | Elf:3    | Bought a potion of magic for 144 gold pieces
 82068 | Elf:3    | Bought a potion of invisibility for 144 gold pieces
 82068 | Elf:3    | Bought a potion of magic for 144 gold pieces
 82193 | Orc:2    | Bought a wand of acid (4) for 184 gold pieces
 82193 | Orc:2    | Bought a scroll of teleportation for 69 gold pieces
 82193 | Orc:2    | Bought a scroll of blinking for 172 gold pieces
 82193 | Orc:2    | Bought a scroll of teleportation for 69 gold pieces
 82194 | Orc:2    | Bought a potion of magic for 96 gold pieces
 82459 | D:12     | Killed Fannar
 82514 | Vaults:1 | Entered Level 1 of the Vaults
 84282 | Vaults:1 | Reached skill level 15 in Fire Magic
 84283 | Vaults:1 | Reached XP level 18. HP: 84/84 MP: 27/41
 85646 | Vaults:1 | Noticed Nikola
 88523 | Vaults:2 | HP: 4/84 [poisoned by a wolf spider]
 89030 | Vaults:2 | Found a staircase to the Crypt.
 89640 | Vaults:2 | Noticed Margery
 92042 | Vaults:3 | Found a runed translucent gate.
 92042 | Vaults:3 | Found a runed translucent gate.
 92049 | Vaults:3 | Reached XP level 19. HP: 82/88 MP: 15/43
 93464 | Vaults:3 | Found a runed translucent gate.
 94611 | Vaults:3 | Identified the cursed +1 robe "Liemiog" {Harm Str+4 Slay-4}
 94612 | Vaults:3 | Noticed a lich
 94619 | Vaults:3 | Killed a lich
 94774 | Vaults:3 | Reached skill level 15 in Dodging
 94855 | Vaults:3 | Found a radiant altar of Vehumet.
 94928 | Vaults:3 | Found Quhit's Gadget Boutique.
 94980 | Vaults:3 | Learned a level 6 spell: Statue Form
 97441 | Vaults:4 | Shot with a bolt by a yaktaur captain
 97442 | Vaults:4 | Reached XP level 18. HP: -8/85 MP: 17/42
 97677 | Vaults:4 | Reached XP level 19. HP: 89/89 MP: 21/43
100369 | Vaults:4 | HP: 3/89 [stone giant/large rock (39)]
100827 | Vaults:4 | Learned a level 9 spell: Absolute Zero
101781 | D:15     | Found a staircase to the Depths.
102200 | Depths:1 | Entered Level 1 of the Depths
102200 | Depths:1 | Noticed a lich
102700 | Depths:1 | Gained mutation: You tend to lose your temper in combat.
                  | [mutagenic glow]
103313 | Depths:1 | Lost mutation: You tend to lose your temper in combat.
                  | [potion of mutation]
103313 | Depths:1 | Gained mutation: You are somewhat resistant to further
                  | mutation. [potion of mutation]
103313 | Depths:1 | Gained mutation: You are partially covered in slimy green
                  | scales. (AC +2) [potion of mutation]
103330 | Depths:1 | Found a gateway to Hell.
103731 | Depths:1 | Killed a lich
103732 | Depths:1 | Reached XP level 20. HP: 93/93 MP: 36/45
104590 | Depths:2 | Found Munur's Assorted Antiques.
104960 | Orc:2    | Bought a ration for 65 gold pieces
104960 | Orc:2    | Bought a ration for 65 gold pieces
104960 | Orc:2    | Bought a ration for 65 gold pieces
104960 | Orc:2    | Bought a ration for 65 gold pieces
104960 | Orc:2    | Bought a ration for 65 gold pieces
104960 | Orc:2    | Bought a ration for 65 gold pieces
104960 | Orc:2    | Bought a ration for 65 gold pieces
105055 | Elf:1    | Bought a ration for 70 gold pieces
105061 | Elf:1    | Bought a ration for 70 gold pieces
105061 | Elf:1    | Bought a ration for 70 gold pieces
105061 | Elf:1    | Bought a ration for 70 gold pieces
105061 | Elf:1    | Bought a ration for 70 gold pieces
105061 | Elf:1    | Bought a ration for 70 gold pieces
105061 | Elf:1    | Bought a ration for 70 gold pieces
105061 | Elf:1    | Bought a ration for 70 gold pieces
105061 | Elf:1    | Bought a ration for 70 gold pieces
105061 | Elf:1    | Bought a ration for 70 gold pieces
106228 | Depths:2 | Found a gateway to a ziggurat.
108415 | Depths:2 | Noticed a caustic shrike
108416 | Depths:2 | Killed a caustic shrike
108416 | Depths:2 | Noticed a caustic shrike
108419 | Depths:2 | Killed a caustic shrike
108424 | Depths:2 | Noticed a caustic shrike
108996 | Depths:2 | Reached XP level 21. HP: 97/97 MP: 44/47
109724 | Depths:2 | Identified the Collected Works on Transmutation
110770 | Depths:3 | Found a portal to a secret trove of treasure.
110803 | Depths:3 | Found a one-way gate leading to the halls of Pandemonium.
112097 | Slime:1  | Entered Level 1 of the Pits of Slime
112185 | Slime:2  | Reached skill level 10 in Stealth
113118 | Slime:5  | Entered Level 5 of the Pits of Slime
113345 | Slime:5  | HP: 3/98 [acid (15)]
113345 | Slime:5  | Noticed the Royal Jelly
113346 | Slime:5  | Killed from afar by an acid blob

Illustrated notes

Levels and vault maps discovered:
D:1:      dpeg_arrival_pits, layout_basic, minmay_tetromino_t2
D:2:      layout_basic, first_ration
D:3:      layout_basic
D:4:      layout_loops_ring, temple_fountains, portal_sewer_entry_d
D:5:      layout_loops_corners, nicolae_ru_awakened_eye, serial_shops, shop,
          shop, shop, shop, nicolae_shop_stone
D:6:      layout_basic, minitemple, serial_shops, nicolae_shop_crystal,
          st_stairs_11, uniq_eustachio
D:7:      layout_loops_ring, grunt_temple_overflow_forces_of_nature,
          serial_shops, shop
D:8:      layout_cave_pools, dpeg_lair_monsters, uniq_maurice
D:9:      layout_loops_corners, minmay_orc_entry_guard_dogs, uniq_harold
D:10:     layout_loops_corners, david_nohive_1
D:11:     layout_long_grid, lemuel_statue_altar, uniq_grum
D:12:     layout_long_grid, uniq_psyche, uniq_frances, uniq_rupert, uniq_fannar
D:13:     layout_loops_ring, david_vaults_2, portal_ice_cave_demonic_guard,
          tgw_sif, uniq_kirke
D:14:     minmay_bloctagon, layout_basic, minmay_misc_feat_chi, enter_bailey_2
D:15:     grunt_enter_depths_snipers, layout_loops_ring
Temple:   regret_index_temple_generic_petals
Lair:1:   layout_gridlike
Lair:2:   layout_loops_ring, serial_bayou_pond_b
Lair:3:   layout_regular_city, elwin_shoals_entry_rocks,
          guppyfry_snake_entry_island, ldierk_geyser, grunt_megastairs_2,
          lemuel_fruit_tree, lemuel_fruit_fields, serial_bayou_shore_b,
          infiniplex_staircase_pool
Lair:4:   layout_layer_cave, nicolae_quartered_pool_little, st_stairs_11
Lair:5:   layout_regular_city
Lair:6:   cheibrodos_lair_end_hotspot, layout_regular_city,
          dpeg_slime_entry_enclosed_altar
Shoals:1: layout_shoals
Shoals:2: layout_shoals, nicolae_shoals_hunting_party
Shoals:3: layout_shoals, st_cyclops
Shoals:4: shoals_end_hangedman, layout_shoals
Snake:1:  layout_onion, special_room
Snake:2:  layout_basic, grunt_megastairs_5
Snake:3:  nicolae_snake_nest, layout_onion_interference, basic_altar,
          serial_bayou, serial_bayou_pond_b, serial_bayou_shore_b,
          serial_bayou_shore_b, serial_bayou_ford_a, uniq_vashnia
Snake:4:  grunt_snake_rune_serpentine_throne, layout_cave_town, serial_shops,
          shop
Slime:1:  layout_caves
Slime:2:  layout_caves
Slime:3:  layout_caves
Slime:4:  layout_caves
Slime:5
Orc:1:    layout_caves, serial_shops, shop, shop_coins, shop_coins,
          nicolae_shop_overgrown_old_shop, uniq_erica
Orc:2:    st_orc_ogre_mass, layout_diamond_mine, minmay_orc_treasury
Elf:1:    eino_elf_arrival_the_gate, layout_geoelf_octagon, serial_shops,
          nicolae_shop_trees, minmay_elf_demonology, minmay_shoptagon
Elf:2:    layout_geoelf_diagonals, uniq_jorgrun, uniq_aizul, uniq_louise
Elf:3:    minmay_elf_hall_x, layout_geoelf_castle, serial_shops, shop, shop,
          shop, nicolae_shop_behind_doors, nicolae_shop_waterfront
Vaults:1: hangedman_vaults_snaps, nicolae_vaults_windows_and_doors_thing,
          nicolae_vaults_three_branches, v_alt_pattern_3, v_pattern_3,
          ontoclasm_vaults_fault, vaults_dpeg_cross, vaults_mumra_minichess,
          nicolae_vaults_fighting_squares, ontoclasm_vaults_decontamination,
          vaults_room_corners, serial_ice_b, layout_vaults_maze_bifur,
          uniq_nikola
Vaults:2: minmay_crypt_entry_simple_plaza, v_misc_32,
          nicolae_vaults_diagonal_hallway_9, grunt_vaults_hallway_long,
          vaults_mumra_bighexcomb, nicolae_vaults_sealed_display,
          nicolae_vaults_diagonal_hallway_7, v_misc_3,
          nicolae_vaults_network_quinsquares
          [nicolae_vaults_network_quincunx_subvault,
          nicolae_vaults_network_quincunx_subvault,
          nicolae_vaults_network_quincunx_subvault,
          nicolae_vaults_network_quincunx_subvault], vaults_dpeg_diagonal,
          layout_vaults_quadrants, uniq_margery
Vaults:3: ploomutoo_gammafunk_vaults_ghost_potion_laboratory,
          hangedman_vaults_slither, nicolae_vaults_theta,
          vaults_room_grunt_arrival_ludios, dpeg_vaults_monster_row,
          nicolae_vaults_ninety_degrees, hangedman_vaults_pinch, v_pattern_4,
          grunt_tower_of_power, vaults_room_stairs_pillars,
          ontoclasm_vaults_loading_screen, nicolae_vaults_little_squares_2,
          ontoclasm_vaults_twist, vaults_mumra_chevron,
          nicolae_vaults_shelves_hall, layout_vaults_omnibox, serial_shops, shop
Vaults:4: nicolae_vaults_angled_halls, nicolae_vaults_little_ls,
          vaults_mumra_hex, ontoclasm_vaults_chip, nicolae_vaults_network_star,
          nicolae_vaults_branching_niches, v_rooms_6, v_misc_4, v_rooms_4,
          nicolae_vaults_little_squares_6, ontoclasm_vaults_ligature,
          ontoclasm_vaults_ring_square, layout_vaults_omnicross,
          portal_desolation_entry_salt
Depths:1: layout_big_octagon, chequers_serial_rivers_room_a,
          grunt_mini_vestibule, drop_trap, kennysheep_nondescript,
          evilmike_ambush [evilmike_ambush_outer_corners,
          evilmike_ambush_inner_basic], serial_bayou_shore_b
Depths:2: grunt_bent_corner, layout_twisted_cross, enter_ziggurat_b,
          minmay_misc_feat_square, pf_coc_iceberg, serial_shops, shop_fountains,
          infiniplex_staircase_pillars_1
Depths:3: minmay_two_paths, layout_cave_pools, enter_trove_1, hell_entry,
          pan_entry, serial_sigils, serial_sigils_hangedman_shear,
          serial_sigils_hangedman_snap, serial_sigils_hangedman_etch,
          serial_sigils_hangedman_carve, serial_sigils_hangedman_quiver,
          kennysheep_generic_room_11, minmay_staircase_windowed_small

Skill      XL: |  1  2  3  4  5  6  7  8  9 10 11 12 13 14 15 16 17 18 19 20 21 |
---------------+----------------------------------------------------------------+-----
Ice Magic      | 4 5 6 7 9 10 11 12 13 14 15 16 17 20 21 | 21.7
Fighting       | 1 2 3 4 6 7 8 9 10 11 12 13 | 13.7
Spellcasting   | 3 4 5 6 8 10 11 12 14 15 16 18 19 20 21 | 21.3
Dodging        | 5 9 10 12 13 14 15 | 15.0
Stealth        | 5 12 | 12.4
Fire Magic     | 2 8 9 10 14 15 16 | 16.2
Conjurations   | 8 9 10 11 12 | 12.0

Action                   |  1- 3 |  4- 6 |  7- 9 | 10-12 | 13-15 | 16-18 | 19-21 || total
-------------------------+-------+-------+-------+-------+-------+-------+-------++-------
Melee: Unarmed           |    16 |    23 |    72 |    14 |    15 |    86 |     9 ||   235
       Bite              |     2 |     5 |     6 |     3 |     2 |     9 |     2 ||    29
 Cast: Freeze            |    47 |    40 |   104 |   185 |   120 |       |       ||   496
       Frozen Ramparts   |     3 |    15 |    60 |    97 |    97 |     6 |       ||   278
       Summon Ice Beast  |       |       |    22 |    61 |   179 |    52 |       ||   314
       Hailstorm         |       |       |     3 |    65 |   172 |       |       ||   240
       Ozocubu's Refrige |       |       |       |       |   371 |  1026 |   476 ||  1873
       Freezing Cloud    |       |       |       |       |    13 |    27 |     3 ||    43
       Ignition          |       |       |       |       |       |   111 |   175 ||   286
       Orb of Destructio |       |       |       |       |       |    25 |    70 ||    95
       Blink             |       |       |       |       |       |     4 |       ||     4
       Apportation       |       |       |       |       |       |     1 |       ||     1
       Absolute Zero     |       |       |       |       |       |       |    56 ||    56
Evoke: Wand              |       |       |       |     2 |    21 |    31 |    26 ||    80
       Phantom mirror    |       |       |       |       |     1 |       |       ||     1
       Tin of tremorston |       |       |       |       |       |     2 |     3 ||     5
  Use: Scroll            |       |     6 |    11 |     4 |    19 |    25 |    14 ||    79
       Potion            |       |       |     1 |     1 |       |     3 |    19 ||    24
 Stab: Sleeping          |     5 |     2 |     3 |     1 |     1 |       |       ||    12
       Distracted        |       |       |     1 |       |       |     3 |       ||     4
       Confused          |       |       |       |       |       |     5 |       ||     5
  Eat: Chunk             |     9 |     6 |    24 |    29 |    73 |   231 |   124 ||   496
       Ration            |       |       |       |       |    21 |    19 |    47 ||    87
Armor: Skin              |     1 |     2 |     6 |    12 |     8 |     2 |     2 ||    33
Dodge: Dodged            |    46 |    42 |   149 |   182 |   232 |   229 |   193 ||  1073
Block: Other             |       |       |       |       |       |    52 |    26 ||    78
       Reflection        |       |       |       |       |       |    23 |     9 ||    32

Table legend:
 A = Non-vault XP
 B = Vault XP
 C = Vault XP percentage of total XP
 D = Non-vault monster count
 E = Vault monster count
 F = Vault count percentage of total count
                 A         B        C        D         E       F
            +---------+---------+-------+---------+---------+-------
      Total |  585992 |  411203 |  41.2 |    1381 |     609 |  30.6
            +---------+---------+-------+---------+---------+-------
        D:1 |      48 |       6 |  11.1 |      26 |       2 |   7.1
        D:2 |      55 |       0 |   0.0 |      16 |       0 |   0.0
        D:3 |     116 |       0 |   0.0 |      20 |       0 |   0.0
        D:4 |     453 |      13 |   2.8 |      11 |       1 |   8.3
        D:5 |     397 |       0 |   0.0 |      13 |       0 |   0.0
        D:6 |     371 |     336 |  47.5 |       9 |       5 |  35.7
        D:7 |    1246 |       0 |   0.0 |      29 |       0 |   0.0
        D:8 |    2409 |    5410 |  69.2 |      29 |       7 |  19.4
        D:9 |     827 |    1652 |  66.6 |      11 |       5 |  31.2
       D:10 |    4867 |     909 |  15.7 |      29 |      12 |  29.3
       D:11 |    3465 |     644 |  15.7 |      27 |       5 |  15.6
       D:12 |    4288 |    6038 |  58.5 |      25 |       4 |  13.8
       D:13 |    9375 |    4420 |  32.0 |      33 |       8 |  19.5
       D:14 |    8951 |    5466 |  37.9 |      31 |      16 |  34.0
       D:15 |   14175 |    2901 |  17.0 |      29 |       4 |  12.1
     Lair:1 |    5372 |       0 |   0.0 |      23 |       0 |   0.0
     Lair:2 |    5743 |     143 |   2.4 |      21 |       1 |   4.5
     Lair:3 |    4556 |     623 |  12.0 |      13 |       3 |  18.8
     Lair:4 |    4378 |     443 |   9.2 |      24 |       2 |   7.7
     Lair:5 |    7652 |       0 |   0.0 |      17 |       0 |   0.0
     Lair:6 |    6508 |    7640 |  54.0 |      24 |      28 |  53.8
   Shoals:1 |   17234 |       0 |   0.0 |      34 |       0 |   0.0
   Shoals:2 |   17341 |    3459 |  16.6 |      31 |       6 |  16.2
   Shoals:3 |   10596 |    4271 |  28.7 |      28 |       8 |  22.2
   Shoals:4 |   21363 |   16080 |  42.9 |      46 |      25 |  35.2
    Snake:1 |    8739 |       0 |   0.0 |      18 |       0 |   0.0
    Snake:2 |   16521 |    1328 |   7.4 |      33 |       2 |   5.7
    Snake:3 |   29391 |    2294 |   7.2 |      53 |       4 |   7.0
    Snake:4 |   19855 |   47456 |  70.5 |      31 |      60 |  65.9
    Slime:1 |    3401 |       0 |   0.0 |       7 |       0 |   0.0
    Slime:2 |   16149 |       0 |   0.0 |      33 |       0 |   0.0
    Slime:3 |    9607 |       0 |   0.0 |      16 |       0 |   0.0
    Slime:4 |    3921 |       0 |   0.0 |       7 |       0 |   0.0
    Slime:5 |   11910 |    8138 |  40.6 |      28 |       8 |  22.2
      Orc:1 |    4855 |     465 |   8.7 |      56 |       1 |   1.8
      Orc:2 |    5488 |   22734 |  80.6 |      42 |      86 |  67.2
      Elf:1 |   12287 |    6921 |  36.0 |      21 |      10 |  32.3
      Elf:2 |   20473 |    7857 |  27.7 |      31 |       5 |  13.9
      Elf:3 |   15497 |   41254 |  72.7 |      26 |      30 |  53.6
   Vaults:1 |   41412 |   26313 |  38.9 |      78 |      36 |  31.6
   Vaults:2 |    8526 |   18896 |  68.9 |      14 |      30 |  68.2
   Vaults:3 |   48219 |   33966 |  41.3 |      83 |      34 |  29.1
   Vaults:4 |   51713 |   25132 |  32.7 |      73 |      27 |  27.0
   Depths:1 |   37272 |   20533 |  35.5 |      36 |      23 |  39.0
   Depths:2 |   34822 |   77791 |  69.1 |      52 |      69 |  57.0
   Depths:3 |   34148 |    8310 |  19.6 |      44 |       6 |  12.0
      Sewer |       0 |     149 | 100.0 |       0 |       6 | 100.0
     Bailey |       0 |    1212 | 100.0 |       0 |      30 | 100.0
            +---------+---------+-------+---------+---------+-------
